[Event "Early-Titled-Tuesday-Blitz-December-26-2023"]
[Site "Chess.com"]
[Date "2023.12.26"]
[Round "9"]
[White "wonderfultime"]
[Black "Durarbayli"]
[Result "0-1"]
[WhiteElo "2999"]
[BlackElo "2883"]
[TimeControl "180+1"]
[EndTime "9:47:29 PST"]
[Termination "Durarbayli won by resignation"]

1. d4 d5 2. Nf3 Nf6 3. Bf4 c5 4. c3 Nc6 5. e3 Bf5 6. Qb3 Qd7 7. dxc5 e6 8. Ne5 Qc8 9. Qa4 Nd7 10. Nxd7 Qxd7 11.
b4 Be7 12. Bb5 O-O 13. O-O a5 14. Qb3 Bf6 15. bxa5 Nxa5 16. Qb4 Nc6 17. Qb3 e5 18. Bg3 Be6 19. a4 Qe7 20. Qa3 Rfc8 21. Nd2 Na7 22.
Be2 Qxc5 23. Nf3 Qc7 24. Rab1 Nc6 25. Rb5 Ra7 26. Rfb1 Rca8 27. Qb2 Nd8 28. Bd1 Rc8 29. h3 h6 30. Bb3 Qxc3 31. Qxc3 Rxc3 32. Nxe5 Nc6 33. Nf3 d4 34. Bxe6 fxe6 35. e4 Rxa4 36. Rxb7 d3 37. e5 Bd8 38. Rd7 Ra7 39. Rd6 Be7 40. Rxe6 Kf7 41. Rd6 Bxd6 42. exd6 Ke6 43. Re1+ Kd5 44. Kh2 Rd7 45. Re3 Kc4 46. Nd2+ Kd5 47.
Re8 Nd4 48. Re5+ Kc6 49. Re4 Nb5 50. Rb4 Nxd6 51. Nf3 Nb5 52. Ne5+ Kc5 53. Rb1 Rd5 54.
Nf3 Na3 55. Ra1 Nc2 56. Rd1 Kc4 57. Nd2+ Kb5 58. Rb1+ Nb4 59. Ne4 Rc4 60. Nd2 Rc2 61. Bf4 Rd4 62. Be3 Rd5 63. Nf3 Ka4 64. Nd2 Rb5 65.
Ne4 Na2 66. Rd1 Rd5 67. Ra1 Kb3 68. Rb1+ Rb2 69. Rd1 Nc3 70. Nd2+ Kc2 71. Ra1 Re5 72. Nc4 Rxe3 73. fxe3 Rb1 74. Na3+ Kb2 75. Nxb1 Nxb1 76. Ra7 d2 77. Rd7 Kc2 78. Kg3 Nc3 79. Kf4 d1=Q 80. Rxd1 Nxd1 81. e4 Kd3 82. e5 Kd4 83. e6 Ne3 84. h4 g6 85. g4 Nd5+ 86. Kf3 Ke5 0-1

[Event "Early-Titled-Tuesday-Blitz-December-26-2023"]
[Site "Chess.com"]
[Date "2023.12.26"]
[Round "9"]
[White "AlexanderL"]
[Black "vugarrasulov"]
[Result "1-0"]
[WhiteElo "2888"]
[BlackElo "2932"]
[TimeControl "180+1"]
[EndTime "9:47:37 PST"]
[Termination "AlexanderL won on time"]

1. Nf3 d5 2. e3 Nf6 3. c4 e6 4. Nc3 Bd6 5. b3 Nbd7 6. Bb2 b6 7. Rc1 a6 8. cxd5 exd5 9. Ne2 O-O 10. g3 Bb7 11. Bg2 c5 12. O-O Rc8 13. d4 Re8 14. Ne1 Ne4 15. dxc5 bxc5 16. Nd3 Ndf6 17. Nc3 Qe7 18.
Nxe4 dxe4 19. Nf4 Be5 20. Bxe5 Qxe5 21. Qc2 a5 22. Qc3 g5 23. Qxe5 Rxe5 24. Ne2 Ba6 25.
Rfe1 Bxe2 26. Rxe2 Nd5 27. Rc4 f5 28. Rd2 Nb6 29. Rcc2 Kf7 30. Bf1 Ke7 31. Bb5 Rd8 32. Rxd8 Kxd8 33. Rd2+ Rd5 34. Rc2 Kc7 35. Be2 Kd6 36. Kf1 f4 37. exf4 gxf4 38. gxf4 Rf5 39. Rc3 Nd5 40. Rh3 Rxf4 41. Rxh7 e3 42. f3 Nc3 43. Rh6+ Kc7 44. Re6 Nxa2 45. Rxe3 Nb4 46. Kg2 Nc2 47. Re7+ Kd6 48. Ra7 Nd4 49. Bd1 Nc6 50.
Rh7 Rd4 51. Be2 Rd2 52. Kf1 Nd4 53. Rh6+ Ke7 54. Bc4 Nxf3 55. h4 Rh2 56. Ra6 Nd2+ 57. Ke1 Nf3+ 58. Kd1 Rxh4 59. Rxa5 Kd6 60. Ra8 Ke5 61.
Rd8 Nd4 62. Rd5+ Ke4 63. Rxc5 Rh1+ 64. Kd2 Rh2+ 65. Kc3 Rc2+ 66. Kb4 Rh2 67. Rc8 Nc2+ 68. Kc3 Ne3 69. Re8+ Kf4 70. Kd3 Nd1 71. Re4+ Kf5 72. Re8 Nb2+ 73. Kd4 Rh4+ 74. Kc5 Kf6 75. Re2 Nd1 76.
b4 Nc3 77. Rc2 Ne4+ 78. Kc6 Ke5 79. b5 Rh6+ 80. Kc7 Rh7+ 81. Kb6 Rh6+ 82. Ka5 Kd4 83. Bb3 Nc5 84. Rc4+ Kd5 85. Kb4 Nxb3 86. Kxb3 Rh1 87. Rc2 Kd6 88. Kb4 Ra1 89. b6 Kd7 90. Kb5 Ra2 91.
Rxa2 1-0

[Event "Early-Titled-Tuesday-Blitz-December-26-2023"]
[Site "Chess.com"]
[Date "2023.12.26"]
[Round "9"]
[White "Kotofeyca"]
[Black "disciplinedbrat"]
[Result "1/2-1/2"]
[WhiteElo "2416"]
[BlackElo "2308"]
[TimeControl "180+1"]
[EndTime "9:47:51 PST"]
[Termination "Game drawn by stalemate"]

1. d4 Nf6 2. c4 g6 3. f3 d5 4. cxd5 Nxd5 5. e4 Nb6 6. Nc3 Bg7 7. Be3 O-O 8. Qd2 c5 9. dxc5 Qxd2+ 10. Kxd2 N6d7 11. Kc2 Nc6 12. a3 a5 13. Rd1 Nde5 14. Nd5 a4 15. h3 Be6 16. Nc7 Bb3+ 17. Kc1 Rac8 18. Nd5 Bxd1 19. Kxd1 Rfd8 20. Kc2 b6 21. Nxb6 Rb8 22. Bb5 Nd4+ 23. Bxd4 Rxd4 24. Ne2 Rdd8 25. Bxa4 Bh6 26. Rd1 Rxd1 27. Kxd1 Nd3 28. b4 Nb2+ 29. Kc2 Bg7 30. Bb3 Rd8 31. c6 Be5 32. Nc3 Nd3 33. Nc4 Ne1+ 34. Kb2 Nd3+ 35. Kc2 Ne1+ 36. Kb2 Nd3+ 37. Kb1 Bxc3 38. b5 Nc5 39. b6 Rc8 40.
c7 Nb7 41. Kc2 Be1 42. a4 Bf2 43. a5 Nxa5 44. Nxa5 Bxb6 45. Nc4 Rxc7 46. Kd3 Bg1 47. Ne5 Kg7 48. Nxf7 Rd7+ 49. Ke2 Rb7 50. Bd5 Rb2+ 51. Kf1 Bd4 52. Ng5 Rf2+ 53. Ke1 Ba7 54. Ne6+ Kf6 55. g4 Rxf3 56. h4 Re3+ 57. Kf2 Rxe4+ 58. Kf3 Rxe6 59. g5+ Kf7 60. Kf4 Bd4 61. h5 gxh5 62. Kg3 Be5+ 63. Kh4 Kg6 64. Bxe6 Bf4 65. Bd7 Bxg5+ 66. Kg3 e5 67.
Bc6 Bf4+ 68. Kh3 Kg5 69. Kg2 h4 70. Kh3 h5 71. Bd5 Kf5 72. Bc6 Bg3 73. Kg2 Kf4 74.
Kh1 Ke3 75. Bb7 Kf2 76. Bc6 h3 77. Bb7 h2 78. Bc6 h4 79. Bb7 Bf4 80. Bc6 h3 81.
Bb7 Ke3 82. Bc6 Kd4 83. Bb7 Bg3 84. Bc6 Kc5 85. Bb7 Kb6 86. Ba8 Kc5 87. Bb7 Kd6 88. Ba8 Kc7 89. Bb7 Kxb7 1/2-1/2

[Event "Early-Titled-Tuesday-Blitz-December-26-2023"]
[Site "Chess.com"]
[Date "2023.12.26"]
[Round "9"]
[White "SaqoChess_Twitch"]
[Black "Flawless_Fighter"]
[Result "0-1"]
[WhiteElo "2646"]
[BlackElo "2796"]
[TimeControl "180+1"]
[EndTime "9:48:27 PST"]
[Termination "Flawless_Fighter won by checkmate"]

1. d4 Nf6 2. c4 e6 3. Nc3 d5 4. cxd5 Nxd5 5. e4 Nxc3 6. bxc3 c5 7. Nf3 cxd4 8. cxd4 Bb4+ 9. Bd2 Bxd2+ 10. Qxd2 O-O 11. Bc4 Nd7 12. O-O b6 13. Rfe1 Bb7 14. Rad1 Nf6 15. Qf4 Rc8 16. Bb3 Qc7 17. Ne5 Nd7 18. h4 h6 19. Qg3 Nxe5 20. dxe5 Qe7 21. Rd6 Rc7 22. Red1 Bxe4 23. Qf4 Ba8 24. R1d3 Kh8 25. Rg3 Rfc8 26.
Kh2 Rc3 27. Rdd3 Rxd3 28. Rxd3 Bb7 29. Kh3 Kg8 30. Qd2 Qc7 31. Rd7 Qc6 32. f3 b5 33.
Kh2 a5 34. Bd1 b4 35. Be2 Qc3 36. Rd8+ Kh7 37. Bd3+ g6 38. Qf4 Qc7 39. Rd6 Qe7 40. h5 Bd5 41. Qg4 Rg8 42. Ra6 Bxa2 43. Rxa5 Bd5 44.
hxg6+ fxg6 45. Qd4 Rg7 46. Rb5 b3 47. Rb8 h5 48.
Qf4 Rf7 49. Qg3 Rg7 50. Qh3 Qg5 51. Rb4 Qxe5+ 52. f4 Qf6 53. Qxh5+ Kg8 54. Rb8+ Kf7 55. Qg4 Rh7+ 56. Kg3 b2 57. Rxb2 Rg7 58. Rc2 Qd4 59.
Qe2 Kf6 60. Qe5+ Qxe5 61. fxe5+ Kxe5 62. Re2+ Kf6 63. Bc2 g5 64. Rf2+ Ke7 65. Rd2 Kd6 66. Bd1 Ke5 67. Bg4 Rd7 68. Re2+ Kf6 69. Rf2+ Kg6 70.
Rf8 Rd6 71. Rh8 Kf6 72. Rh6+ Ke5 73. Rg6 Be4 74. Rxg5+ Kd4 75. Ra5 e5 76. Ra4+ Ke3 77. Ra3+ Bd3 78. Bf5 e4 79. Kh4 Rf6 80. g4 Kf4 81.
Kh5 Rf8 82. Kg6 Rh8 83. Kf6 Rf8+ 84. Kg7 Rd8 85. Kf6 Rf8+ 86. Ke7 Rb8 87. Be6 Rb7+ 88. Kf6 Rb6 89. Ra4 Kf3 90. g5 e3 91. g6 Bxg6 92. Ke5 Bc2 93. Bg4+ Kf2 94. Ra2 Rc6 95.
Bf5 e2 96. Bxc2 e1=Q+ 97. Be4+ Kg3 98. Rg2+ Kh3 99. Rg5 Rc5+ 100. Kf4 Rxg5 101. Bg2+ Kh2 102. Bf3 Qg3+ 103. Ke3 Qe5+ 104. Kf2 Qd4+ 105. Ke1 Re5+ 106. Be4 Rxe4+ 107. Kf1 Qd1+ 108. Kf2 Qe2# 0-1

[Event "Early-Titled-Tuesday-Blitz-December-26-2023"]
[Site "Chess.com"]
[Date "2023.12.26"]
[Round "10"]
[White "UK_23"]
[Black "IlanSchnaider"]
[Result "1-0"]
[WhiteElo "2369"]
[BlackElo "2654"]
[TimeControl "180+1"]
[EndTime "9:50:15 PST"]
[Termination "UK_23 won by resignation"]

1. e4 c5 2. Nf3 d6 3. Bb5+ Bd7 4. Bxd7+ Qxd7 5. c4 e5 6. Nc3 Ne7 7. O-O f5 8. d3 Nbc6 9. Nd5 g6 10. Nf6+ Kd8 11. Nxd7 Kxd7 12. Bg5 Bg7 13. a3 Nd4 14. Nxd4 exd4 15.
Bxe7 Kxe7 16. exf5 gxf5 17. Qh5 Raf8 18. Rfe1+ Kd7 19.
b4 b6 20. bxc5 dxc5 21. Re2 f4 22. Qd5+ Kc7 23. Re7+ 1-0

[Event "Early-Titled-Tuesday-Blitz-December-26-2023"]
[Site "Chess.com"]
[Date "2023.12.26"]
[Round "10"]
[White "Viktor_Poddubnyi"]
[Black "mariofs"]
[Result "1-0"]
[WhiteElo "2371"]
[BlackElo "2214"]
[TimeControl "180+1"]
[EndTime "9:50:24 PST"]
[Termination "Viktor_Poddubnyi won by resignation"]

1. e4 c6 2. d4 d5 3. exd5 cxd5 4. c4 Nf6 5. Nc3 Nc6 6. Bg5 Be6 7.
a3 g6 8. Bxf6 exf6 9. cxd5 Bxd5 10. Qe2+ Be7 11. Qb5 Be6 12. d5 a6 13. Qe2 Nd4 14.
Qe4 f5 15. Qxd4 1-0

[Event "Early-Titled-Tuesday-Blitz-December-26-2023"]
[Site "Chess.com"]
[Date "2023.12.26"]
[Round "10"]
[White "GMWSO"]
[Black "Jospem"]
[Result "1/2-1/2"]
[WhiteElo "3066"]
[BlackElo "3077"]
[TimeControl "180+1"]
[EndTime "9:50:52 PST"]
[Termination "Game drawn by agreement"]

1. d4 Nf6 2. c4 e6 3. Nc3 Bb4 4. Qc2 d6 5. Bd2 c5 6. a3 Bxc3 7. Bxc3 cxd4 8. Bxd4 Nc6 9. Bc3 d5 10. cxd5 exd5 11. Nf3 O-O 12. e3 Ne4 13. Bd3 Nxc3 14. Qxc3 Bg4 15. Nd4 Qf6 16. Nxc6 Qxc3+ 17. bxc3 bxc6 1/2-1/2

[Event "Early-Titled-Tuesday-Blitz-December-26-2023"]
[Site "Chess.com"]
[Date "2023.12.26"]
[Round "10"]
[White "AnaKuchava"]
[Black "ChessSwole"]
[Result "0-1"]
[WhiteElo "2218"]
[BlackElo "2692"]
[TimeControl "180+1"]
[EndTime "9:53:20 PST"]
[Termination "ChessSwole won by resignation"]

1. d4 d5 2. Nf3 Nf6 3. c4 c6 4.
Qb3 dxc4 5. Qxc4 Bf5 6. Nc3 e6 7. g3 Nbd7 8. Bg2 Be7 9. O-O O-O 10. Re1 Ne4 11. Nh4 Bxh4 12. Nxe4 Be7 13. Bf4 Nb6 14. Qd3 Nd5 15. Bd2 a5 16. a3 Qb6 17. Qc2 Qxd4 18. Bc3 Nxc3 19. Qxc3 Qxc3 20. Nxc3 Bc2 21. Rac1 Bb3 22. Ne4 Rfd8 23. Nc5 Bxc5 24. Rxc5 Rd2 25. Bf3 Rxb2 26. Rec1 a4 27. R1c3 g6 28. Rd3 Bd5 29. e4 Rb3 30. Rd4 Rxf3 31. exd5 exd5 0-1

[Event "Early-Titled-Tuesday-Blitz-December-26-2023"]
[Site "Chess.com"]
[Date "2023.12.26"]
[Round "10"]
[White "ZaidejasChEgis"]
[Black "SmirnovTimofey2000"]
[Result "1-0"]
[WhiteElo "2235"]
[BlackElo "2020"]
[TimeControl "180+1"]
[EndTime "9:53:35 PST"]
[Termination "ZaidejasChEgis won on time"]

1. e4 e5 2. Nf3 Nf6 3. d4 Nxe4 4. Bd3 Nc6 5. Bxe4 d5 6. dxe5 dxe4 7. Qxd8+ Nxd8 8. Ng5 Nc6 9. Nc3 Nxe5 10. Ngxe4 Bf5 11. Bf4 Bd6 12. Nxd6+ cxd6 13. O-O-O O-O-O 14. Rhe1 f6 15. Nd5 Rhe8 16. f3 1-0

[Event "Early-Titled-Tuesday-Blitz-December-26-2023"]
[Site "Chess.com"]
[Date "2023.12.26"]
[Round "10"]
[White "Flameboard08"]
[Black "DeyanKostov"]
[Result "0-1"]
[WhiteElo "2554"]
[BlackElo "2493"]
[TimeControl "180+1"]
[EndTime "9:53:36 PST"]
[Termination "DeyanKostov won by resignation"]

1. f4 d5 2. Nf3 c5 3. d3 Nc6 4. e4 dxe4 5. dxe4 Qxd1+ 6. Kxd1 Bg4 7. Be3 O-O-O+ 8. Kc1 Bxf3 9. gxf3 e5 10. fxe5 Nxe5 11. Nd2 Nf6 12. Bf4 Bd6 13. Bg3 Ng6 14. c3 Bf4 15. Bh3+ Kc7 16. Bf5 Kc6 17. Rd1 Nh5 18. Bxf4 Nhxf4 19. Nc4 b5 20. Na5+ Kb6 21. Nb3 Ne5 22.
a4 g6 23. axb5 gxf5 24. Ra6+ Kxb5 25. Ra5+ Kb6 26. Rg1 Ne2+ 0-1

[Event "Early-Titled-Tuesday-Blitz-December-26-2023"]
[Site "Chess.com"]
[Date "2023.12.26"]
[Round "10"]
[White "Louis64"]
[Black "Kostya0705"]
[Result "1-0"]
[WhiteElo "2295"]
[BlackElo "2527"]
[TimeControl "180+1"]
[EndTime "9:53:39 PST"]
[Termination "Louis64 won by resignation"]

1. e4 c5 2. Nf3 e6 3. d4 cxd4 4. Nxd4 Nc6 5. Nc3 Qc7 6. Nxc6 bxc6 7. Bd3 Nf6 8. O-O d5 9. Re1 Be7 10. Qf3 O-O 11. e5 Nd7 12. Bf4 h6 13. Na4 c5 14.
c4 Bb7 15. Bxh6 gxh6 16. Qg4+ Kh8 17. Qh5 Bg5 18. h4 dxc4 19. hxg5 cxd3 20. Qxh6+ Kg8 21. g6 fxg6 22. Qxg6+ Kh8 23. Re3 Bxg2 24. Kxg2 Qc6+ 25.
Kg1 1-0

[Event "Early-Titled-Tuesday-Blitz-December-26-2023"]
[Site "Chess.com"]
[Date "2023.12.26"]
[Round "10"]
[White "PawnEatingZombie"]
[Black "stratacticos"]
[Result "0-1"]
[WhiteElo "2137"]
[BlackElo "1872"]
[TimeControl "180+1"]
[EndTime "9:53:45 PST"]
[Termination "stratacticos won by resignation"]

1. e4 c5 2. c3 Nf6 3. e5 Nd5 4. Nf3 g6 5. h4 h5 6. d4 cxd4 7. cxd4 Bg7 8. Nc3 Nxc3 9. bxc3 d6 10. Bf4 Nc6 11. exd6 O-O 12. dxe7 Qxe7+ 13. Be3 Bg4 14. Be2 Rac8 15. O-O Na5 16. Qa4 b6 17. Rac1 Bd7 18.
Bb5 Bg4 19. Ng5 f6 20. Nf3 Bxf3 21. gxf3 Qe6 22. Bd7 Qc4 23. Bxc8 Qxa4 0-1

[Event "Early-Titled-Tuesday-Blitz-December-26-2023"]
[Site "Chess.com"]
[Date "2023.12.26"]
[Round "10"]
[White "disciplinedbrat"]
[Black "Witty_Alien"]
[Result "0-1"]
[WhiteElo "2303"]
[BlackElo "2451"]
[TimeControl "180+1"]
[EndTime "9:54:03 PST"]
[Termination "Witty_Alien won by checkmate"]

1. d4 e5 2. dxe5 d6 3. e4 Nc6 4. exd6 Bxd6 5. Bc4 Nf6 6. Nf3 Bg4 7. O-O Qd7 8. h3 Bxh3 9. e5 Bxg2 10. e6 fxe6 11.
Kxg2 O-O-O 12. Nc3 g5 13. Qe2 g4 14. Bxe6 gxf3+ 15. Kxf3 Nd4+ 16. Kg2 Rhg8+ 17. Kh1 Nxe6 18. Be3 Nf4 19.
Qf3 Rg4 20. Ne4 Rdg8 21. Ng3 Rxg3 22. fxg3 Qh3+ 23. Kg1 Rxg3+ 24. Qxg3 Qxg3+ 25. Kh1 Qg2# 0-1

[Event "Early-Titled-Tuesday-Blitz-December-26-2023"]
[Site "Chess.com"]
[Date "2023.12.26"]
[Round "10"]
[White "artin10862"]
[Black "Yeritsyaan"]
[Result "1-0"]
[WhiteElo "2905"]
[BlackElo "2643"]
[TimeControl "180+1"]
[EndTime "9:54:04 PST"]
[Termination "artin10862 won by resignation"]

1. d4 Nf6 2. c4 e6 3. Nc3 d5 4. Nf3 Be7 5. Bf4 O-O 6. e3 c5 7.
dxc5 Bxc5 8. a3 Nc6 9. Qc2 Qa5 10. Rd1 Re8 11. Be2 e5 12. Bg5 Nd4 13. exd4 exd4 14. b4 Qxa3 15. bxc5 Ne4 16. Nxe4 dxe4 17. Nxd4 Qxc5 18. Be3 Qa5+ 19. Qd2 Qe5 20. O-O Bd7 21. Nb5 Bc6 22. Bf4 Qf6 23. Nd6 Red8 24. c5 Qg6 25.
Qe3 a5 26. Bc4 Rd7 27. Be5 a4 28. Bb2 a3 29. Bxa3 h5 30. h4 Rxa3 31. Qxa3 e3 32. Qa8+ Kh7 33. Bd3 f5 34. Bxf5 1-0

[Event "Early-Titled-Tuesday-Blitz-December-26-2023"]
[Site "Chess.com"]
[Date "2023.12.26"]
[Round "10"]
[White "CuattroPrincesses"]
[Black "Kotofeyca"]
[Result "0-1"]
[WhiteElo "2289"]
[BlackElo "2421"]
[TimeControl "180+1"]
[EndTime "9:54:06 PST"]
[Termination "Kotofeyca won by resignation"]

1. e4 c5 2. Nf3 d6 3. d4 cxd4 4. Nxd4 Nf6 5. Nc3 a6 6. f3 e5 7. Nb3 Be7 8. Be3 O-O 9. Qd2 b5 10. O-O-O Be6 11. g4 b4 12. Nd5 Bxd5 13. exd5 a5 14.
Kb1 a4 15. Nc1 Qa5 16. a3 bxa3 17. Qxa5 Rxa5 18. bxa3 Nxd5 19. Bd2 Ra7 20. Bc4 Nb6 21. Ba2 d5 22. Nd3 Nc6 23. Nb4 Nxb4 24. Bxb4 Bxb4 25. axb4 d4 26. Rhe1 Nd7 27. f4 Rb8 28. fxe5 Rxb4+ 29. Ka1 Nc5 30. c3 Nb3+ 31. Kb2 Rb8 32. cxd4 Nxd4+ 33. Kc3 Nf3 34. Re3 Rc7+ 35. Bc4 Rb3+ 36. Kc2 Rxc4+ 0-1

[Event "Early-Titled-Tuesday-Blitz-December-26-2023"]
[Site "Chess.com"]
[Date "2023.12.26"]
[Round "10"]
[White "matagordo"]
[Black "AGW2016"]
[Result "0-1"]
[WhiteElo "2274"]
[BlackElo "2565"]
[TimeControl "180+1"]
[EndTime "9:54:08 PST"]
[Termination "AGW2016 won by checkmate"]

1. d4 Nf6 2. Bf4 g6 3. Nc3 d5 4. e3 Bg7 5. h4 O-O 6. h5 c5 7. hxg6 hxg6 8. Nb5 Nc6 9. c3 Bf5 10. Qf3 a6 11. Na3 cxd4 12. exd4 Re8 13. Be2 e5 14.
dxe5 Nxe5 15. Bxe5 Rxe5 16. Qg3 Qe7 17. O-O-O Ne4 18.
Qh4 Qc5 19. Nb1 Nxf2 20. Nf3 Nxd1 21. Rxd1 Rxe2 22. Ng5 Rc2# 0-1

[Event "Early-Titled-Tuesday-Blitz-December-26-2023"]
[Site "Chess.com"]
[Date "2023.12.26"]
[Round "10"]
[White "mightysmasher"]
[Black "a-z30"]
[Result "1-0"]
[WhiteElo "2591"]
[BlackElo "2484"]
[TimeControl "180+1"]
[EndTime "9:54:16 PST"]
[Termination "mightysmasher won by resignation"]

1. e4 d6 2. d4 Nf6 3. Nc3 g6 4. Nf3 Bg7 5. Bc4 O-O 6. O-O Nxe4 7. Nxe4 d5 8. Bxd5 Qxd5 9. Nc3 Qh5 10. Be3 c6 11.
Re1 Bg4 12. Qe2 Nd7 13. h3 Bxf3 14. Qxf3 Qxf3 15. gxf3 e5 16. Rad1 Rfe8 17. d5 Nb6 18. dxc6 bxc6 19. b3 Rad8 20. Ne4 Nd5 21. Bd2 f5 22.
Nc5 Kf7 23. c4 Nb6 24. a4 Bf8 25. Nb7 Rxd2 26. Rxd2 Bb4 27. Nd6+ Ke7 28. Rxe5+ 1-0

[Event "Early-Titled-Tuesday-Blitz-December-26-2023"]
[Site "Chess.com"]
[Date "2023.12.26"]
[Round "10"]
[White "Alenzer"]
[Black "szefru"]
[Result "0-1"]
[WhiteElo "2073"]
[BlackElo "2269"]
[TimeControl "180+1"]
[EndTime "9:54:16 PST"]
[Termination "szefru won by checkmate"]

1. e4 e6 2. d4 d5 3. exd5 exd5 4. c4 Nf6 5. Nc3 Bb4 6. Nf3 dxc4 7. Bxc4 O-O 8. O-O Bg4 9. Bg5 h6 10. Bh4 c6 11. a3 Bxf3 12. Qxf3 Be7 13. Rad1 Nbd7 14. Rfe1 Nb6 15. Bd3 Nfd5 16. Qe4 f5 17. Qe6+ Rf7 18. Bxe7 Nxe7 19. Bc4 Nxc4 20. Qxc4 Nd5 21. Re5 Kh8 22. Nxd5 cxd5 23. Rxd5 Qh4 24. Re1 f4 25. Qe2 f3 26.
gxf3 Raf8 27. Qe4 Rf4 28. Qe7 Qh3 29. Re3 Rxf3 30. Rxf3 Qxf3 31. Re5 Qxf2+ 32. Kh1 Qf1# 0-1

[Event "Early-Titled-Tuesday-Blitz-December-26-2023"]
[Site "Chess.com"]
[Date "2023.12.26"]
[Round "10"]
[White "MikeSailer"]
[Black "RamonManon0g"]
[Result "0-1"]
[WhiteElo "2189"]
[BlackElo "2361"]
[TimeControl "180+1"]
[EndTime "9:54:20 PST"]
[Termination "RamonManon0g won on time"]

1. d4 Nf6 2. Nc3 g6 3. e4 d6 4. Bg5 Bg7 5. e5 Nfd7 6. f4 O-O 7. Nf3 f6 8. exf6 exf6 9. Bh4 Re8+ 10. Be2 Nb6 11.
O-O Nc6 12. a4 a5 13. Qd2 Bf5 14. Bb5 d5 15. Ne5 Qd6 16. Nxc6 bxc6 17. Bd3 Bxd3 18.
Qxd3 Nc4 19. b3 Re3 20. Qd1 Rxc3 21. bxc4 Rxc4 22. f5 c5 23. Bg3 Qc6 24. dxc5 Qxc5+ 25. Bf2 Qc6 26. Ra2 Re8 27. Re1 Rxe1+ 28. Qxe1 g5 29. Qe7 Re4 30. Qd8+ Re8 0-1

[Event "Early-Titled-Tuesday-Blitz-December-26-2023"]
[Site "Chess.com"]
[Date "2023.12.26"]
[Round "10"]
[White "zverr1"]
[Black "wqws"]
[Result "1-0"]
[WhiteElo "2509"]
[BlackElo "2706"]
[TimeControl "180+1"]
[EndTime "9:54:21 PST"]
[Termination "zverr1 won by resignation"]

1. e4 e5 2. Nf3 Nc6 3. Bc4 Nf6 4.
Ng5 d5 5. exd5 Na5 6. Bb5+ c6 7. dxc6 bxc6 8. Be2 h6 9. Nh3 g5 10. d3 g4 11. Ng1 Qd5 12. Kf1 c5 13. Nc3 Qd8 14. h3 gxh3 15. Nxh3 Nc6 16. Bf3 Bd7 17. Be3 Rc8 18.
Ne2 Nd4 19. Bxd4 cxd4 20. c3 Qb6 21. cxd4 exd4 22. Rc1 Rxc1 23. Qxc1 Bd6 24. Ng5 Qa5 25. Ne4 Nxe4 26. Bxe4 Qxa2 27. g3 h5 28. Nxd4 Qa4 29. Qe3 Bc5 30. Bc6+ Kd8 31. Bxa4 Bxa4 32. Qg5+ 1-0

[Event "Early-Titled-Tuesday-Blitz-December-26-2023"]
[Site "Chess.com"]
[Date "2023.12.26"]
[Round "10"]
[White "Nasrin_Babayeva"]
[Black "arturdailima"]
[Result "0-1"]
[WhiteElo "1855"]
[BlackElo "2331"]
[TimeControl "180+1"]
[EndTime "9:54:24 PST"]
[Termination "arturdailima won by resignation"]

1. d4 Nf6 2. c4 g6 3. Nc3 Bg7 4.
e4 d6 5. f4 O-O 6. Nf3 e5 7.
fxe5 dxe5 8. Nxe5 c5 9. Be3 Re8 10. Be2 Nbd7 11. Nxd7 Nxd7 12. O-O Nf6 13. Bf3 cxd4 14.
Bxd4 Be6 15. Nd5 Rc8 16. b3 a6 17. Rc1 h5 18. h3 Nxd5 19. cxd5 Rxc1 20. Bxg7 Rxd1 21.
Rxd1 Bxh3 22. Bd4 Bg4 23. Rd3 Bxf3 0-1

[Event "Early-Titled-Tuesday-Blitz-December-26-2023"]
[Site "Chess.com"]
[Date "2023.12.26"]
[Round "10"]
[White "mbojan"]
[Black "Mikhail_Golubev"]
[Result "1-0"]
[WhiteElo "2905"]
[BlackElo "2634"]
[TimeControl "180+1"]
[EndTime "9:54:26 PST"]
[Termination "mbojan won on time"]

1. a3 a6 2. h3 e5 3. e3 d5 4. d4 e4 5. c4 c6 6. c5 g6 7.
Nd2 Bg7 8. Ne2 f5 9. Nb3 Nf6 10. Bd2 O-O 11. Ba5 Qe7 12. g3 Be6 13. Nc3 g5 14. h4 f4 15. hxg5 fxe3 16. gxf6 Qxf6 17. Qe2 exf2+ 18. Kd1 Qg6 19. Kc1 Bg4 20. Qc2 Bf3 21. Rh3 Bg2 22. Bxg2 f1=Q+ 23. Bxf1 Rxf1+ 24. Nd1 Qg4 25.
Rh2 h5 26. Nd2 Bh6 27. Qb3 e3 28. Nxf1 e2+ 29. Nfe3 Bxe3+ 30. Nxe3 1-0

[Event "Early-Titled-Tuesday-Blitz-December-26-2023"]
[Site "Chess.com"]
[Date "2023.12.26"]
[Round "10"]
[White "Matols"]
[Black "ljuks68"]
[Result "0-1"]
[WhiteElo "2386"]
[BlackElo "2523"]
[TimeControl "180+1"]
[EndTime "9:54:26 PST"]
[Termination "ljuks68 won by resignation"]

1. d4 d5 2. c4 c6 3. Nf3 Nf6 4.
Qb3 a5 5. cxd5 cxd5 6. Nc3 e6 7.
Bf4 Bd6 8. Bxd6 Qxd6 9. Nb5 Qe7 10. e3 O-O 11. Bd3 Nc6 12. O-O Nb4 13. Bb1 a4 14. Qa3 Bd7 15. Nc3 Rfc8 16. Ne5 Nc6 17. Qxe7 Nxe7 18. Bd3 a3 19. Nxd7 axb2 20. Nxf6+ gxf6 21.
Nxd5 Nxd5 22. Rab1 Rxa2 0-1

[Event "Early-Titled-Tuesday-Blitz-December-26-2023"]
[Site "Chess.com"]
[Date "2023.12.26"]
[Round "10"]
[White "Szparu"]
[Black "Hikaru"]
[Result "0-1"]
[WhiteElo "2893"]
[BlackElo "3218"]
[TimeControl "180+1"]
[EndTime "9:54:27 PST"]
[Termination "Hikaru won by resignation"]

1. e4 a6 2. d4 c6 3. Bd3 d5 4. e5 c5 5. dxc5 Qa5+ 6. Nd2 Nc6 7. Qe2 Qxc5 8. Nb3 Qb6 9. h3 g6 10. Be3 Qc7 11. f4 Nb4 12. Nf3 e6 13. a3 Nxd3+ 14. cxd3 Ne7 15. Bc5 Nc6 16. Bxf8 Kxf8 17. Qf2 Kg7 18. O-O Bd7 19. Rac1 Rhc8 20. Nc5 b6 21.
Nxd7 Qxd7 22. Qxb6 Rab8 23. Qf2 a5 24. Rc2 Ne7 25. Rfc1 Rxc2 26. Rxc2 Qb5 27. Qh4 Ng8 28. Rc7 Qb6+ 0-1

[Event "Early-Titled-Tuesday-Blitz-December-26-2023"]
[Site "Chess.com"]
[Date "2023.12.26"]
[Round "10"]
[White "Alexchess1984"]
[Black "DvaHrasta"]
[Result "1-0"]
[WhiteElo "2713"]
[BlackElo "2484"]
[TimeControl "180+1"]
[EndTime "9:54:28 PST"]
[Termination "Alexchess1984 won on time"]

1. e4 c6 2. d4 d5 3. e5 c5 4.
Nf3 cxd4 5. Qxd4 Nc6 6. Qf4 h6 7. h4 g6 8. Bd3 Bg7 9. O-O Be6 10. Nc3 a6 11. Ne2 Qc7 12. Ned4 Nxd4 13. Qxd4 O-O-O 14. Be3 f6 15. Bf4 f5 16. c3 Bf7 17. e6 Bxd4 18. Bxc7 Bxf2+ 19. Rxf2 Kxc7 20. exf7 Nf6 21. Ne5 Rhf8 22. Nxg6 Rxf7 23. Rxf5 e6 24. Rf3 1-0

[Event "Early-Titled-Tuesday-Blitz-December-26-2023"]
[Site "Chess.com"]
[Date "2023.12.26"]
[Round "10"]
[White "egnfanclub"]
[Black "campochess"]
[Result "1-0"]
[WhiteElo "2344"]
[BlackElo "2184"]
[TimeControl "180+1"]
[EndTime "9:54:30 PST"]
[Termination "egnfanclub won on time"]

1. e4 c5 2. Nc3 Nc6 3. f4 e6 4.
Nf3 a6 5. g3 Nf6 6. Bg2 d5 7. e5 Ng4 8. d3 Be7 9. Qe2 h5 10. O-O O-O 11. h3 Nh6 12. Ng5 g6 13. Qf2 Nf5 14. g4 hxg4 15. hxg4 Bxg5 16. fxg5 Nfd4 17. Nd1 Nxe5 18. c3 Ndc6 19. Qg3 c4 20. d4 Nd3 21. Bf4 Nxf4 22. Qxf4 Bd7 23. Ne3 Qb8 24. Qf2 Qd8 25. Qh4 b5 26. Bxd5 Rc8 27. Rf2 Ne7 28. Rh2 1-0

[Event "Early-Titled-Tuesday-Blitz-December-26-2023"]
[Site "Chess.com"]
[Date "2023.12.26"]
[Round "10"]
[White "Ajedrez_con_German"]
[Black "FunnyDuck66"]
[Result "1-0"]
[WhiteElo "2599"]
[BlackElo "2475"]
[TimeControl "180+1"]
[EndTime "9:54:33 PST"]
[Termination "Ajedrez_con_German won by resignation"]

1. Nf3 Nf6 2. e3 d5 3. b3 c6 4. Bb2 Bg4 5. Be2 Nbd7 6. c4 e6 7. O-O Bd6 8. cxd5 exd5 9. d3 O-O 10. Nbd2 Re8 11. a3 a5 12. Re1 h6 13. Qc2 Bf5 14. Bc3 Nc5 15. b4 Ne6 16. bxa5 Bc7 17. Qb2 Nc5 18. Qc2 Bxa5 19. Bxf6 Qxf6 20. Qxc5 Bc3 21. Ra2 Ra5 22. Qb6 Rb5 23. Qc7 Rc8 24. Qg3 Ra5 25.
d4 Rca8 26. Rc1 Bb4 27. Qe5 Qxe5 28. dxe5 Bxa3 29. Rca1 b5 30. Nb3 b4 31. Nxa5 1-0